 Dungeon Crawl Stone Soup version 0.22.0-75-g3901e79 (webtiles) character file.

189 whitewolfNL the Firebug (level 5, -1/28 HPs)
             Began as a Gargoyle Fire Elementalist on Sept 11, 2018.
             Slain by Sigmund
             ... wielding a +0 scythe
              (10 damage)
             ... on level 3 of the Dungeon.
             The game lasted 01:00:15 (3672 turns).

whitewolfNL the Firebug (GrFE)                      Turns: 3672, Time: 01:00:16

Health: -1/28      AC:  8    Str: 13 (16) XL:     5   Next: 68%
Magic:  6/8        EV: 12    Int: 15 (17) God:
Gold:   101        SH:  0    Dex:  7 (10) Spells: 2/8 levels left

rFire    . . .     SeeInvis .   G - +2 quarterstaff (chaos)
rCold    . . .     Gourm    .   (shield currently unavailable)
rNeg     + . .     Faith    .   i - +0 leather armour
rPois    ∞         Spirit   .   (no helmet)
rElec    +         Reflect  .   H - +0 cloak
rCorr    .         Harm     .   (no gloves)
MR       .....                  (no boots)
Stlth    ++........             (no amulet)
HPRegen  0.09/turn              (no ring)
MPRegen  0.11/turn              (no ring)

@: mighty
A: negative energy resistance 1, electricity resistance, unbreathing,
petrification resistance, rot immunity, AC +4
a: no special abilities


You were on level 3 of the Dungeon.
You were not hungry.

You visited 1 branch of the dungeon, and saw 3 of its levels.

You collected 101 gold pieces.

Inventory:

Hand Weapons
 h - a +0 mace
 q - a +0 hunting sling
 v - a +0 flail
 G - a +2 quarterstaff of chaos (weapon)
Missiles
 d - 46 arrows
 f - 38 sling bullets
 m - 53 stones (quivered)
Armour
 i - a +0 leather armour (worn)
 l - a +0 chain mail
 x - a +0 centaur barding
 D - a +0 ring mail
 H - a +0 cloak (worn)
Scrolls
 b - 2 scrolls of amnesia {unknown}
 e - 3 scrolls of identify
 g - 2 scrolls of magic mapping {unknown}
 k - a scroll of remove curse
 n - a scroll of teleportation
 o - a scroll of fog {unknown}
 p - a scroll of enchant armour {unknown}
 t - a scroll of blinking {unknown}
Potions
 w - 2 potions of mutation
Comestibles
 c - 4 rations


   Skills:
 + Level 0.5 Fighting
 + Level 0.7 Maces & Flails
 + Level 1.0 Slings
 + Level 0.1(0.5) Throwing
 + Level 1.4 Armour
 + Level 2.5 Dodging
 + Level 2.6 Stealth
 + Level 2.4 Spellcasting
 + Level 2.4 Conjurations
 + Level 3.8 Fire Magic


You had 2 spell levels left.
You knew the following spells:

 Your Spells              Type           Power        Failure   Level  Hunger
a - Flame Tongue          Conj/Fire      ##...        8%          1    #......
b - Conjure Flame         Conj/Fire      ##......     22%         3    ###....
c - Throw Flame           Conj/Fire      ##....       12%         2    ###....

Your spell library contained the following spells:

 Spells                   Type           Power        Failure   Level  Hunger
 Inner Flame              Hex/Fire       #.......     36%         3    ###....
 Sticky Flame             Conj/Fire      ##......     58%         4    #####..
 Fireball                 Conj/Fire      ##........   91%         5    ######.


Dungeon Overview and Level Annotations

Branches:
Dungeon (3/15)

Altars:
Elyvilon
Makhleb

Annotations:
D:3 Sigmund


Innate Abilities, Weirdness & Mutations

You are resistant to torment.
Your stone body is resilient. (AC +4)
You are immune to poison.
You resist negative energy. (rN+)
You are resistant to electric shocks. (rElec)
You can survive without breathing.
You are immune to petrification.
You are immune to rotting.


Message History

A puff of flame appears from out of thin air!
The puff of flame hits you!
* * * LOW HITPOINT WARNING * * *
A magic dart appears from out of thin air!
The magic dart hits you!
You bump into the rock wall.
It was a potion of degeneration.
There was something very wrong with that liquid.
You feel weakened.
You feel dopey.
You feel clumsy.
It was a potion of might.
You feel very mighty all of a sudden. Something hits you.
* * * LOW HITPOINT WARNING * * *
You're too confused!
It was a potion of curing.
You feel better.
Casting: Flame Tongue (safe; 8% risk of failure)
Confirm with . or Enter, or press ? or * to list all spells.
You can't see any susceptible monsters within range! (Use Z to cast anyway.)
Something hits you!
You die...

#.####...b#..##..
....##.###
#........###.####
#.## ##
#.##......#..# #.
#.##.#..<## #.##.
#. #.##.## #....
.. ..##.# . .....
#. ....#{# ...
.#.#.
###.#.###.....
#...# #.@......#
..... #####.....
..... #.. .....
...


There were no monsters in sight!

Vanquished Creatures
  Crazy Yiuf (D:3)
  An orc wizard (D:3)
  3 adders
  2 worms (D:2)
  5 dart slugs
  9 orcs (D:3)
  10 bats
  9 giant cockroaches
  6 goblins
  9 hobgoblins
  4 jackals (D:3)
  4 kobolds
  A quokka (D:3)
  A ball python (D:2)
  8 frilled lizards
  A leopard gecko skeleton (D:2)
  8 rats
82 creatures vanquished.

Notes
Turn   | Place    | Note
-------+----------+-------------------------------------------
     0 | D:1      | whitewolfNL the Gargoyle Fire Elementalist began the quest
                  | for the Orb.
     0 | D:1      | Reached XP level 1. HP: 10/10 MP: 3/3
   156 | D:1      | Reached XP level 2. HP: 15/15 MP: 0/5
   584 | D:1      | Reached XP level 3. HP: 16/19 MP: 0/6
  1000 | D:2      | Reached XP level 4. HP: 8/24 MP: 0/7
  1171 | D:2      | Learned a level 3 spell: Conjure Flame
  1174 | D:2      | Learned a level 2 spell: Throw Flame
  1860 | D:2      | Found a burning altar of Makhleb.
  2267 | D:3      | Found a white marble altar of Elyvilon.
  2485 | D:3      | Noticed Sigmund
  2528 | D:3      | HP: 1/24 [something (2)]
  2549 | D:3      | HP: 1/24 [jackal (1)]
  2877 | D:3      | Reached XP level 5. HP: 28/28 MP: 8/8
  2918 | D:3      | Reached skill level 1 in Armour
  3462 | D:3      | Found a runed door.
  3466 | D:3      | Noticed Crazy Yiuf
  3497 | D:3      | Killed Crazy Yiuf
  3497 | D:3      | Reached skill level 1 in Slings
  3666 | D:3      | HP: 1/28 [something/puff of flame (6)]
  3672 | D:3      | Slain by Sigmund

Skill      XL: |  1  2  3  4  5 |
---------------+----------------+-----
Dodging        | 2 |  2.5
Conjurations   | 2 |  2.4
Armour         | 1 |  1.4
Slings         | 1 |  1.0
Fighting       | |  0.5
Maces & Flails | |  0.7
Throwing       | |  0.1
Stealth        | |  2.6
Spellcasting   | |  2.4
Fire Magic     | |  3.8

Action                   |  1- 3 |  4- 6 || total
-------------------------+-------+-------++-------
Melee: Mace              |    10 |    50 ||    60
       Short sword       |    13 |     3 ||    16
       Whip              |     6 |       ||     6
       Quarterstaff      |       |     4 ||     4
 Fire: Hunting sling     |       |    23 ||    23
Throw: Stone             |     1 |    17 ||    18
 Cast: Flame Tongue      |    49 |    83 ||   132
       Conjure Flame     |       |     7 ||     7
  Use: Scroll            |       |     7 ||     7
       Potion            |       |     4 ||     4
  Eat: Ration            |     1 |     1 ||     2
       Chunk             |       |     5 ||     5
Armor: Leather armour    |    21 |    82 ||   103
       Robe              |     4 |       ||     4
Dodge: Dodged            |    28 |   129 ||   157
